 Dungeon Crawl Stone Soup version 0.32-a0-418-g34023cf50c (webtiles) character file.

Game seed: 9575236834904959153

753 Asfel the Chopper (level 7, -7/55 HPs)
             Began as a Demonspawn Berserker on Feb 21, 2024.
             Was a Believer of Trog.
             Killed by divine providence
             ... invoked by an orc priest
              (12 damage)
             ... on level 4 of the Dungeon.
             The game lasted 00:12:59 (2633 turns).

Asfel the Chopper (Demonspawn Berserker)            Turns: 2633, Time: 00:13:00

Health: -7/55      AC: 12    Str: 19    XL:     7   Next: 49%
Magic:  7/7        EV:  8    Int:  8    God:    Trog [**....]
Gold:   174        SH:  0    Dex: 12    Spells: 6/6 levels left

rFire   + . .        s - +0 war axe
rCold   . . .        (no shield)
rNeg    . . .        t - +0 plate armour
rPois   .            p - +0 helmet
rElec   .            (no cloak)
rCorr   .            (no gloves)
SInv    .            (no boots)
Will    .....        (no amulet) Stlth
                     d - ring of protection from fire
HPRegen 0.29/turn    (no ring)
MPRegen 0.10/turn

%: no passive effects
@: about to teleport
A: ignite blood 1, sturdy frame 1, demonic magic 1, demonic touch 1
a: Renounce Religion, Berserk, Trog's Hand


You were on level 4 of the Dungeon.
You worshipped Trog.
Trog was pleased with you.
You visited 1 branch of the dungeon, and saw 4 of its levels.

You collected 174 gold pieces.

Inventory:

Hand Weapons
 a - a +0 hand axe
 n - a +2 spear of pain
 s - a +0 war axe (weapon)
Armour
 b - a +0 animal skin
 j - a +1 leather armour
 m - a +0 chain mail
 p - a +0 helmet (worn)
 t - a +0 plate armour (worn)
Jewellery
 d - a ring of protection from fire (left hand)
 q - a ring of willpower
Scrolls
 e - 2 scrolls of noise {unknown}
 h - 2 scrolls of teleportation
 l - 3 scrolls of identify
 o - a scroll of summoning {unknown}
 u - a scroll of poison {unknown}
Potions
 c - a potion of brilliance
 f - 2 potions of curing
 i - a potion of heal wounds {unknown}
 k - a potion of resistance {unknown}
 r - a potion of cancellation {unknown}
 v - a potion of invisibility {unknown}


   Skills:
 + Level 4.5 Fighting
 + Level 5.2 Axes
 + Level 3.1 Armour
 + Level 3.6 Dodging
 + Level 1.0 Stealth
 * Level 2.5 Unarmed Combat


You had 6 spell levels left.
You didn't know any spells.
Your spell library contained the following spells:

 Spells                   Type           Power      Damage    Failure   Level
 Foxfire                  Conj/Fire      0%         2x1d4     100%        1
 Plasma Beam              Fire/Air       0%         2x1d10    100%        6
 Starburst                Conj/Fire      0%         6d3       100%        6


Dungeon Overview and Level Annotations

Branches:
Dungeon (4/15)
 Temple: D:4-7

Altars:
Trog


Innate Abilities, Weirdness & Mutations

Your demonic aura sometimes causes spilled blood to erupt in flames.
Your movements are slightly less encumbered by armour. (ER -2)
Spells you cast may paralyse adjacent enemies.
Your touch may inflict minor irresistible damage on your foes.


Message History

You slash the orc!
You kill the orc!
Trog accepts your kill.
The orc wizard gestures at you while chanting.
The puff of flame misses you.
Things that are here:
a +0 hand axe; a +0 leather armour; an orc corpse You closely miss the orc wizard.
You touch the orc wizard.
The orc wizard is heavily wounded.
The orc wizard hits you but does no damage.
You barely miss the orc wizard.
You touch the orc wizard!
You kill the orc wizard!
Trog accepts your kill.
Trog appreciates your killing of a magic user.
Things that are here:
a +0 dagger; a +0 robe; an orc corpse An ogre comes into view.
It is wielding a +0 giant spiked club.
An ogre is nearby!
An orc priest comes into view. It is wielding a +0 flail.
The orc priest shouts!
The ogre hits you with a +0 giant spiked club!
You hit the ogre.
The ogre is lightly wounded.
The ogre hits you with a +0 giant spiked club!!
You hit the ogre.
The ogre is moderately wounded.
The ogre is engulfed in blazing flames.
The ogre attacks as it pursues you!
The ogre hits you with a +0 giant spiked club!!
* * * LOW HITPOINT WARNING * * *
Unknown command.
Okay, then.
Okay, then.
It was a potion of magic.
Magic courses through your body. The ogre barely misses you.
Okay, then.
As you read the scroll of teleportation, it crumbles to dust.
You feel strangely unstable.
The orc priest calls down the wrath of Beogh upon you.
Beogh smites you!
You die...

# ..##.#.......# ##.
#.##.#...###.# ...#
#.#..........# ...#
#............#### ...#
#.#...........(..
##.#####.####..)....###
#....)..# #....####
##...#### #...)# #...#
####@# #...# #.# #...#
#.# ###...###### #O#
...........# #..o#
................#.
...........###.. .#
###...###### #.. .#
#...# #.# ##


You could see an ogre and an orc priest.

Vanquished Creatures
  Pikel (D:4)
  A lemure (D:4)
  A howler monkey (D:4)
  An orc priest (D:3)
  An iguana (D:3)
  2 orc wizards
  2 adders
  3 ribbon worms
  2 dart slugs
  7 orcs
  3 endoplasms
  4 giant cockroaches
  8 goblins
  5 hobgoblins
  2 jackals (D:1)
  4 quokkas
  5 ball pythons
  9 bats
  2 frilled lizards (D:3)
  6 kobolds
  2 rats
71 creatures vanquished.

Notes
Turn   | Place    | Note
-------+----------+-------------------------------------------
     0 | D:1      | Asfel the Demonspawn Berserker began the quest for the Orb.
     0 | D:1      | Reached XP level 1. HP: 18/18 MP: 1/1
    47 | D:1      | Gained mutation: Your movements are slightly less
                  | encumbered by armour. (ER -2) [demonic ancestry]
    47 | D:1      | Reached XP level 2. HP: 16/24 MP: 2/2
   101 | D:1      | Reached skill level 3 in Axes
   207 | D:1      | Found a faded altar of an unknown god.
   496 | D:1      | Gained mutation: Spells you cast may paralyse adjacent
                  | enemies. [demonic ancestry]
   496 | D:1      | Reached XP level 3. HP: 26/29 MP: 3/3
  1190 | D:2      | Gained mutation: Your touch may inflict minor irresistible
                  | damage on your foes. [demonic ancestry]
  1190 | D:2      | Reached XP level 4. HP: 37/37 MP: 4/4
  1318 | D:2      | Reached ** piety under Trog
  1484 | D:3      | Found a bloodstained altar of Trog.
  1901 | D:3      | Reached skill level 4 in Axes
  1901 | D:3      | Reached XP level 5. HP: 42/42 MP: 5/5
  2452 | D:4      | Noticed Pikel
  2452 | D:4      | Noticed a lemure
  2457 | D:4      | Killed a lemure
  2465 | D:4      | Noticed a lemure
  2474 | D:4      | Killed Pikel
  2475 | D:4      | Reached skill level 5 in Axes
  2475 | D:4      | Reached XP level 6. HP: 18/49 MP: 6/6
  2475 | D:4      | Gained mutation: Your demonic aura sometimes causes spilled
                  | blood to erupt in flames. [demonic ancestry]
  2475 | D:4      | Reached XP level 7. HP: 20/55 MP: 7/7
  2582 | D:4      | Reached skill level 1 in Stealth
  2633 | D:4      | Killed from afar by an orc priest

Illustrated notes

Levels and vault maps discovered:
D:1:      ncdulo_wetmaze, layout_basic, hellmonk_ecumenical_altar_leap_of_faith
D:2:      minmay_evil_eye, layout_rooms, minmay_splitting_lines
D:3:      layout_loops_ring, mainiacjoe_overflow_alcove_4
D:4:      layout_loops_cross, minmay_misc_feat_five, uniq_edmund, uniq_pikel

Skill      XL: |  1  2  3  4  5  6  7 |
---------------+----------------------+-----
Axes           | 3 4 5 |  5.2
Dodging        | 2 3 |  3.6
Armour         | 2 3 |  3.1
Fighting       | 4 |  4.5
Unarmed Combat | 2 |  2.5
Stealth        | 1 |  1.0

Action                     |  1- 3 |  4- 6 |  7- 9 || total
---------------------------+-------+-------+-------++-------
  Melee: Hand axe          |   100 |    68 |       ||   168
         Touch             |       |    12 |     4 ||    16
         War axe           |       |    29 |    10 ||    39
 Invoke: Berserk           |     4 |     3 |       ||     7
         Trog's Hand       |       |     3 |       ||     3
    Use: Scroll            |     5 |     1 |     1 ||     7
         Potion            |       |       |     1 ||     1
   Stab: Sleeping          |     1 |     1 |       ||     2
 Armour: Animal skin       |    40 |       |       ||    40
         Leather armour    |    53 |    16 |       ||    69
         Chain mail        |       |    53 |       ||    53
         Plate armour      |       |    28 |     9 ||    37
  Dodge: Dodged            |    85 |    68 |     3 ||   156

Table legend: (Time is in decaauts)
 A = Elapsed time spent in this place.
 B = Non-inter-level travel time spent in this place.
 C = Inter-level travel time spent in this place.
 D = Time resting spent in this place.
 E = Time spent auto-exploring this place.
 F = Levels seen in this place.
 G = Mean time per level.
                   A        B        C        D        E       F      G
               +--------+--------+--------+--------+--------+-----+--------+
         Total |   2738 |   2412 |    326 |      0 |   1787 |   4 |  684.5 |
       Dungeon |   2738 |   2412 |    326 |      0 |   1787 |   4 |  684.5 |
               +--------+--------+--------+--------+--------+-----+--------+

Top non-repeatable levels by time:
     D:3: 811 daAuts
     D:2: 777 daAuts
     D:1: 750 daAuts
     D:4: 398 daAuts
